 Dungeon Crawl Stone Soup version 0.30-a0-6-g7c9e10e132 (webtiles) character file.

Game seed: 16184363427728209905

20 Spectrina the Magician (level 3, -1/39 HPs)
             Began as a Djinni Venom Mage on Aug 22, 2022.
             Slain by a lemure (2 damage)
             ... led by Pikel
             ... on level 6 of the Dungeon.
             The game lasted 00:02:34 (388 turns).

Spectrina the Magician (Djinni Venom Mage)           Turns: 388, Time: 00:02:35

Health: -1/39      AC:  2    Str:  7    XL:     3   Next: 0%
Gold:   48         EV: 12    Int: 18    God:
                   SH:  0    Dex: 13

rFire   + + .      SeeInvis .    b - +0 long sword (distort)
rCold   x . .      Faith    .    (no shield)
rNeg    . . .      Spirit   .    a - +0 robe
rPois   ∞          Reflect  .    (no helmet)
rElec   .          Harm     .    (no cloak)
rCorr   .          Rampage  .    (no gloves)
Will    .....                    (boots unavailable)
Stlth   ..........               (no amulet)
HPRegen 0.13/turn                (no ring)
MPRegen 0.00/turn                (no ring)

@: berserking (expiring), flying, very quick
A: sickness immunity, fire resistance 2, cold vulnerability 1, float, innate
caster, HP casting, extra vitality 1
a: no special abilities


You were on level 6 of the Dungeon.
You visited 1 branch of the dungeon, and saw 6 of its levels.

You collected 48 gold pieces.

Inventory:

Hand Weapons
 b - a +0 long sword of distortion (weapon)
 e - the +6 long sword of Terror {pain, Int+2}
   (You found it on level 2 of the Dungeon)

   In the hands of one skilled in necromantic magic, it inflicts extra damage on
   living creatures.
   Your inability to study Necromancy prevents you from drawing on the full
   power of this weapon.
   Int:       It affects your intelligence (+2).
 k - a +0 dagger of venom
 l - a +0 sling
Armour
 a - a +0 robe (worn)
Scrolls
 d - 2 scrolls of identify {unknown}
 f - a scroll of silence {unknown}
 g - a scroll of fear {unknown}
 h - a scroll of enchant armour {unknown}
 i - a scroll of immolation {unknown}


   Skills:
 + Level 0.7 Fighting
 + Level 2.4 Dodging
 + Level 1.8 Stealth
 * Level 2.6 Spellcasting
 + Level 0.6 Invocations


You couldn't memorise any spells.
You knew the following spells:

 Your Spells              Type           Power      Damage    Failure   Level
a - Sting                 Tmut/Pois      48%        1d5       5%          1
l - Mephitic Cloud        Conj/Pois/Air  12%        N/A       17%         3
q - Poisonous Vapours     Pois/Air       24%        N/A       9%          2
w - Olgreb's Toxic Radia  Pois           12%        N/A       50%         4
x - Apportation           Tloc           24%        N/A       5%          1
Your spell library was empty.

Dungeon Overview and Level Annotations

Branches:
Dungeon (7/15)
 Temple: D:4-7

Altars:
Nemelex Xobeh
Qazlal
Wu Jian
Xom

Annotations:
D:5 Pikel


Innate Abilities, Weirdness & Mutations

You are immune to sickness and miasma.
You are immune to poison.
Your flesh is very heat resistant. (rF++)
You are vulnerable to cold. (rC-)
You float through the air rather than walking.
You learn spells naturally, not from books.
Your magical power is your life essence.
You have superior vitality. (+4 MHP)


Message History

The lemure hits you but does no damage.
Unknown command.
You barely miss the lemure. The lemure misses you. The lemure hits you.
You hit the lemure.
The lemure is lightly wounded.
The lemure misses you. The lemure barely misses you. The lemure hits you.
The lemure hits you!
* * * LOW HITPOINT WARNING * * *
Unknown command.
You feel better. The lemure hits you.
* * * LOW HITPOINT WARNING * * *
The lemure closely misses you.
Unknown command.
You feel better. The lemure hits you. The lemure barely misses you.
Unknown command.
It was a potion of berserk rage.
A red film seems to cover your vision as you go berserk!
You feel yourself moving faster!
You feel mighty! The lemure barely misses you. The lemure closely misses you.
Unknown command.
You closely miss the lemure.
The lemure is lightly wounded.
The lemure closely misses you. The lemure barely misses you.
You hit the lemure.
Space warps around the lemure.
The lemure is moderately wounded.
The lemure hits you.
* * * LOW HITPOINT WARNING * * *
The lemure hits you but does no damage.
You slash the lemure!
The lemure is severely wounded.
The lemure hits you.
* * * LOW HITPOINT WARNING * * *
The lemure hits you.
* * * LOW HITPOINT WARNING * * *
You barely miss the lemure.
The lemure is severely wounded.
The lemure hits you.
* * * LOW HITPOINT WARNING * * *
The lemure hits you.
You die...

#
########.####.
...
#...55@5......
#..#
#.######.####.
#..# #.# # ..#
#.# #.# #.#
#.#####.#
#.......#
##.##..######
.......#


You could see 3 lemures.

Vanquished Creatures
  A worm (D:3)
  A bat (D:2)
  2 endoplasms
  A giant cockroach (D:2)
  3 goblins
  2 jackals (D:1)
  2 ball pythons
  3 frilled lizards
  A rat (D:1)
16 creatures vanquished.

Notes
Turn   | Place    | Note
-------+----------+-------------------------------------------
     0 | D:1      | Spectrina the Djinni Venom Mage began the quest for the
                  | Orb.
     0 | D:1      | Spectrina set off with the following spells memorised:
                  | Sting, Poisonous Vapours, Mephitic Cloud, Olgreb's Toxic
                  | Radiance.
     0 | D:1      | Reached XP level 1. HP: 15/15 MP: 0/0
    89 | D:1      | Reached XP level 2. HP: 17/21 MP: 0/0
   150 | D:2      | Identified the +6 long sword of Terror {pain, Int+2}
   294 | D:3      | Found an ornate altar of the Wu Jian Council.
   294 | D:3      | Found a sparkling altar of Nemelex Xobeh.
   294 | D:3      | Found a stormy altar of Qazlal.
   294 | D:3      | Found a shimmering altar of Xom.
   314 | D:3      | Reached XP level 3. HP: 14/26 MP: 0/0
   314 | D:3      | Learned a level 1 spell: Apportation
   335 | D:3      | You are sucked into a shaft and drop 3 floors!
   345 | D:7      | Noticed an ice beast
   375 | D:5      | Entered Level 5 of the Dungeon
   375 | D:5      | Noticed Pikel
   375 | D:5      | Noticed a lemure
   375 | D:5      | Noticed a lemure
   375 | D:5      | Noticed a lemure
   375 | D:5      | Noticed a lemure
   381 | D:6      | HP: 1/26 [lemure[Pikel] (8)]
   388 | D:6      | HP: 1/39 [lemure[Pikel] (4)]
   388 | D:6      | Slain by a lemure

Illustrated notes

Levels and vault maps discovered:
D:1:      dpeg_arrival_three_same_balls, layout_basic, basic_ecumenical_altar
D:2:      layout_loops_cross, basic_altar, kennysheep_generic_room_12
D:3:      layout_loops_ring, grunt_temple_overflow_open, uniq_terence, uniq_ijyb
D:5:      layout_loops_ring, chequers_temple_overflow_minitemple,
          lemuel_mausoleum_altar_yredelemnul, uniq_pikel, uniq_sigmund
D:6:      layout_loops_ring, trog_book, beargit_hepliaklqana_dungeon_heroes,
          uniq_grinder
D:7:      layout_basic, minmay_temple_entry_arrows, serial_shops,
          shop_fountains, minmay_fire_ice_demons

Action                   || total
-------------------------++-------
Melee: Long sword        ||    24
 Cast: Sting             ||    14
  Use: Potion            ||     4
Armor: Robe              ||     3
Dodge: Dodged            ||    26

Table legend: (Time is in decaauts)
 A = Elapsed time spent in this place.
 B = Non-inter-level travel time spent in this place.
 C = Inter-level travel time spent in this place.
 D = Time resting spent in this place.
 E = Time spent auto-exploring this place.
 F = Levels seen in this place.
 G = Mean time per level.
                   A        B        C        D        E       F      G
               +--------+--------+--------+--------+--------+-----+--------+
         Total |    395 |    395 |      0 |      0 |      0 |   6 |   65.8 |
       Dungeon |    395 |    395 |      0 |      0 |      0 |   6 |   65.8 |
               +--------+--------+--------+--------+--------+-----+--------+

Top non-repeatable levels by time:
     D:2: 155 daAuts
     D:1: 142 daAuts
     D:6: 50 daAuts
     D:3: 42 daAuts
     D:7: 1 daAuts
     D:5: 1 daAuts
